 Dungeon Crawl Stone Soup version 0.19-a0-1682-g5114f93 (webtiles) character file.

368 st0uf the Skirmisher (level 6, 0/48 HPs)
             Began as a Demonspawn Fighter on Sept 24, 2016.
             Killed from afar by an orc wizard (2 damage)
             ... with a magic dart
             ... on level 4 of the Dungeon.
             The game lasted 00:10:15 (2880 turns).

st0uf the Skirmisher (Demonspawn Fighter)           Turns: 2880, Time: 00:10:15

Health: 0/48       AC: 11    Str: 23    XL:     6   Next: 41%
Magic:  15/15      EV: 11    Int:  9    God:
Gold:   186        SH:  0    Dex: 13    Spells: 0 memorised, 5 levels left

rFire  . . .     SeeInvis .     o - +1 whip (pain)
rCold  . . .     Gourm    .     b - +0 scale mail
rNeg   . . .     Faith    .     (no shield)
rPois  .         Spirit   .     x - +0 helmet
rElec  .         Dismiss  .     w - +0 cloak
rCorr  .         Reflect  .     k - +0 pair of gloves
MR     .....     Harm     .     (no boots)
Stlth  ..........               (no amulet)
                                (no ring)
                                v - ring of magical power

@: mighty
A: claws 2, powered by pain 2
a: no special abilities


You were on level 4 of the Dungeon.
You were not hungry.

You visited 1 branch of the dungeon, and saw 4 of its levels.

You collected 186 gold pieces.

Inventory:

Hand Weapons
 a - a +0 flail
 o - a +1 whip of pain (weapon)
Armour
 b - a +0 scale mail (worn)
 c - a +0 shield
 k - a +0 pair of gloves (worn)
 n - a +0 buckler
 w - a +0 cloak (worn)
 x - a +0 helmet (worn)
Jewellery
 j - an uncursed ring of ice
 v - a ring of magical power (left hand)
Wands
 B - a wand of slowing (20/48)
Scrolls
 e - 2 scrolls of teleportation {unknown}
 g - a scroll of noise {unknown}
 h - 4 scrolls of recharging {unknown}
 i - a scroll of blinking {unknown}
 l - a scroll of remove curse {unknown}
 q - 6 scrolls of identify {unknown}
 s - a scroll of amnesia {unknown}
 y - a scroll of fog {unknown}
 A - a scroll of enchant armour {unknown}
 C - a scroll of random uselessness {unknown}
Potions
 d - a potion of might
 m - a potion of ambrosia {unknown}
 p - a potion of resistance {unknown}
 r - 2 potions of curing
 t - a potion of brilliance {unknown}
 u - a potion of lignification {unknown}
Comestibles
 f - 5 bread rations
 z - 3 fruits
 D - 3 chunks of flesh


   Skills:
 + Level 4.2 Fighting
 + Level 3.2 Maces & Flails
 + Level 3.7 Armour
 + Level 2.4 Dodging
 + Level 3.6 Shields


You had 5 spell levels left.
You didn't know any spells.

Dungeon Overview and Level Annotations

Branches:
Dungeon (4/15)
 Temple: D:4-7

Altars:


Innate Abilities, Weirdness & Mutations

You have very sharp fingernails.
You sometimes gain power by taking damage.


Message History

You hit the orc wizard.
The orc wizard is almost dead.
The orc wizard casts a spell at you. The magic dart hits you!
* * * LOW HITPOINT WARNING * * *
Unknown command.
You closely miss the orc wizard.
The orc wizard is almost dead.
The orc wizard hits you with a dagger.
* * * LOW HITPOINT WARNING * * *
Unknown command.
Your scale mail prevents you from hitting the orc wizard.
The orc wizard is almost dead.
The orc wizard hits you but does no damage. x2
You hit the orc wizard.
You kill the orc wizard!
You barely miss the orc wizard. The orc wizard casts a spell at you.
The magic dart hits you!
You die...

##.. ##..o. ...o. o.o# # ..#
#. ##.. #.#..######.#
#...o@o....# ###.######## #.#
#.# ##.#### ##### #######
#.....########...#
......#######................#
#####...........#.########...#
#.######......# ##.##


You could see an orc wizard and an orc.

Vanquished Creatures
  Eustachio (D:4)
  A hound (D:4)
  2 orc wizards (D:4)
  Ijyb (D:2)
  An adder (D:3)
  3 oozes
  2 worms
  A dart slug (D:3)
  2 leopard geckos (D:1)
  7 orcs
  5 bats
  8 giant cockroaches
  13 goblins
  5 hobgoblins
  2 jackals (D:2)
  A quokka (D:2)
  5 frilled lizards
  11 kobolds
  A leopard gecko skeleton (D:4)
  10 rats
  A bush (D:1)
83 creatures vanquished.

Notes
Turn   | Place    | Note
-------+----------+-------------------------------------------
     0 | D:1      | st0uf the Demonspawn Fighter began the quest for the Orb.
     0 | D:1      | Reached XP level 1. HP: 18/18 MP: 1/1
   310 | D:1      | Gained mutation: You sometimes gain a little power by taking damage. [demonic ancestry]
   310 | D:1      | Reached XP level 2. HP: 24/24 MP: 2/2
   805 | D:1      | Gained mutation: You have sharp fingernails. [demonic ancestry]
   805 | D:1      | Reached XP level 3. HP: 27/29 MP: 3/3
  1227 | D:2      | Noticed Ijyb
  1243 | D:2      | Reached skill level 1 in Dodging
  1270 | D:2      | Killed Ijyb
  1283 | D:2      | Gained mutation: You have very sharp fingernails. [demonic ancestry]
  1283 | D:2      | Reached XP level 4. HP: 28/35 MP: 4/4
  1939 | D:3      | Noticed an ogre
  2421 | D:3      | Gained mutation: You sometimes gain power by taking damage. [demonic ancestry]
  2421 | D:3      | Reached XP level 5. HP: 42/42 MP: 5/5
  2733 | D:4      | Noticed Eustachio
  2784 | D:4      | Killed Eustachio
  2784 | D:4      | Reached skill level 4 in Fighting
  2784 | D:4      | Reached XP level 6. HP: 41/48 MP: 6/6
  2877 | D:4      | HP: 2/48 [orc wizard/dagger (1)]
  2880 | D:4      | Killed from afar by an orc wizard

Vault maps used:
D:1:      co_arrival_random_square_maze, lexackson_kobold_supper
D:2:      kennysheep_the_goblin_king, first_bread, minmay_splitting_lines
D:4:      dk_rats_in_the_wall, uniq_eustachio, uniq_crazy_yiuf_cottage

Skill      XL: |  1  2  3  4  5 |
---------------+----------------+-----
Maces & Flails | 2 3 |  3.2
Armour         | 3 |  3.7
Dodging        | 1 2 |  2.4
Shields        | 3 |  3.6
Fighting       | 4 |  4.2

Action                   |  1- 3 |  4- 6 || total
-------------------------+-------+-------++-------
Melee: Flail             |    58 |       ||    58
       Whip              |   165 |   236 ||   401
  Use: Potion            |       |     1 ||     1
  Eat: Chunk             |     1 |     6 ||     7
Armor: Scale mail        |    45 |   109 ||   154
Dodge: Dodged            |    40 |    94 ||   134
